Unix NetHack Version 5.0.0-0 post-release - last build Jun 10 2026 00:39:30 (3ee93aec679c4c4259841fe613dc97188e26a321,branch:main).

Game began 2026-06-29 09:56:20, ended 2026-07-01 17:28:53.

A4Paper, chaotic female elven Wizard

                                               -----
                                    -------    |...|
      ----------------              |.....|    |...-#
      |...............              |.....|    |<..|#         -----
      |...........(..|              |.....|   #-----##        ....|
      |....).........|              |.....|##########         |(@.|
      |..............|             #---.---#   #    #         |jf.|
      --------.-------             #########        #         --|--
              #               ##  ###  ##           #           #
              #          ##########     #           #      ######
              #          ##             ##          #------|--------
              ###      ###               #          #|..^..........|
      ----------|--   ####               #          #..............|
      |...........|  ##                  .           |.............|
      |...........-####                 |.           ----------.----
      |...........|#                    |..                    #
      |...........|#                    |..
      -------------                     ----

A4Paper the Thaumaturge   St:13 Dx:13 Co:16 In:19 Wi:13 Ch:10  Chaotic S:12020
Dlvl:7  $:3354 HP:0(54) Pw:4(79) AC:-8 Xp:8/1963 T:8061  Burdened

Latest messages:
 The spell hits the Green-elf!
 The Green-elf gets angry!
 The Green-elf wields an elven bow!
 The Green-elf wields an elven dagger!
 The Green-elf wields an elven bow!
 In what direction?
 The spell hits the wood nymph!
 The Green-elf wields an elven dagger!
 The Green-elf thrusts her elven dagger.
 The Green-elf hits!
 The magic-absorbing blade stuns the Green-elf!
 You hit the Green-elf.
 The Green-elf thrusts her elven dagger.
 The Green-elf hits!
 The magic-absorbing blade probes the Green-elf!
 The probe is insightful.
 Status of the Green-elf (chaotic, medium):  Level 5  HP 13(33)  AC 10, stunned.
 You hit the Green-elf.
 The Green-elf thrusts her elven dagger.
 The Green-elf hits!
 In what direction?
 The spell hits the wood nymph!
 You kill the wood nymph!
 You kill the Green-elf!
 i - an elven bow.
 j - an elven dagger.
 Bluey eats a Green-elf corpse.
 Bluey looks wide awake.
 b - a blessed +3 cloak of magic resistance.
 You have a little trouble lifting a white spellbook.  Continue? [ynq] (q)
 You have a little trouble lifting k - a white spellbook.
 Your movements are slowed slightly because of your load.
 What do you want to wear? [b or ?*]
 You are now wearing a cloak of magic resistance.
 A gush of water hits Bluey!
 You hit the blue jelly!
 You are suddenly very cold!
 In what direction?
 The spell hits the blue jelly!
 In what direction?
 The spell misses the blue jelly.
 In what direction?
 The spell hits the blue jelly!
 In what direction?
 The spell misses the blue jelly.
 You don't have enough energy to cast that spell.
 The magic-absorbing blade stuns the blue jelly!
 You are suddenly very cold!
 You die...
 Do you want your possessions identified? [ynq] (y)

Inventory:
 Coins    ('$')
  $ - 3354 gold pieces
 Weapons  (')')
  i - a +0 elven bow
  Q - a blessed +1 sling
  j - a +0 elven dagger
  R - the rustproof +0 Magicbane (weapon in right hand)
 Armor    ('[')
  L - an uncursed +0 helm of telepathy (being worn)
  M - an uncursed +0 pair of speed boots (being worn)
  b - a blessed +3 cloak of magic resistance (being worn)
  v - a blessed greased +3 silver dragon scale mail (being worn)
 Comestibles  ('%')
  G - an uncursed slime mold
  C - an uncursed clove of garlic
  t - 4 uncursed food rations
  g - an uncursed fortune cookie
  Z - a cursed lembas wafer
  W - a cursed rotten tin of coyote meat
  V - an uncursed tin of candied monkey meat
 Scrolls  ('?')
  z - a cursed scroll of create monster
  m - an uncursed scroll of destroy armor
  U - a cursed scroll of enchant armor
  K - a blessed scroll of enchant weapon
  c - an uncursed scroll of enchant weapon
  r - a blessed scroll of remove curse
  P - an uncursed scroll of teleportation
 Spellbooks  ('+')
  k - an uncursed spellbook of create monster
  x - an uncursed spellbook of wizard lock
 Potions  ('!')
  D - an uncursed potion of gain ability
  d - 2 uncursed potions of healing
  f - a cursed potion of healing
  u - a cursed potion of healing
  J - an uncursed potion of sleeping
  y - an uncursed potion of speed
  S - a potion of unholy water
 Rings    ('=')
  F - a cursed ring of hunger
  T - a cursed -1 ring of protection
  s - an uncursed ring of regeneration
  e - an uncursed ring of slow digestion (on right hand)
 Wands    ('/')
  h - a wand of digging (0:7)
 Tools    ('(')
  B - a blessed bag of holding containing 18 items
  o - an uncursed wooden harp
  X - an uncursed blindfold
  n - a magic marker (0:3)
  a - an uncursed skeleton key
  H - an uncursed stethoscope

Contents of the bag of holding:
  the +0 Sting
  an uncursed spellbook of cure sickness
  an uncursed spellbook of detect monsters
  an uncursed spellbook of detect unseen
  an uncursed spellbook of drain life
  a blessed spellbook of force bolt
  an uncursed spellbook of stone to flesh
  a cursed +3 ring of gain constitution
  a cursed wand of magic missile (0:0)
  a wand of magic missile (0:2)
  a +0 pick-axe
  an uncursed worthless piece of blue glass
  an uncursed turquoise stone
  3 uncursed worthless pieces of orange glass
  a cursed worthless piece of violet glass
  an uncursed worthless piece of violet glass
  5 uncursed worthless pieces of white glass
  an uncursed amber stone

A4Paper the Wizard's attributes:

Background:
 You were a Thaumaturge, a level 8 female elven Wizard.
 You were chaotic, on a mission for Anhur
 who was opposed by Ptah (lawful) and Thoth (neutral).
 You were right-handed.
 You were in the Dungeons of Doom, on level 7.
 You entered the dungeon 8061 turns ago.
 There was a full moon in effect when your adventure ended.
 You had 1963 experience points, 597 more were needed to attain level 9.
 Your score was 12020 before end-of-game adjustments.

Basics:
 You had 0 out of 54 hit points.
 You had 4 out of 79 energy points (spell power).
 Your armor class was -8.
 Your wallet contained 3354 zorkmids.
 Autopickup was off.

Final Characteristics:
 Your strength was 13 (limit:18).
 Your dexterity was 13 (limit:18).
 Your constitution was 16 (limit:16).
 Your intelligence was 19 (limit:20).
 Your wisdom was 13 (limit:20).
 Your charisma was 10 (limit:18).

Final Status:
 You weren't hungry.
 You were burdened; movement was slightly slowed.
 You were wielding a dagger.
 You were unskilled in dagger and could have enhanced that.

Final Attributes:
 You were piously aligned.
 You were magic-protected.
 You were sleep resistant.
 You were poison resistant.
 You were telepathic.
 You had infravision.
 You had slower digestion.
 You were warded.
 You were very fast.
 You had reflection.
 You were lucky.
 You are dead.

Miscellaneous:
 You encountered 1 bones level.
 Total elapsed playing time was 1 hour, 2 minutes and 14 seconds.

Major events:
 Turn
    1: A4Paper the chaotic female elven Wizard entered the dungeon
  299: attained the rank of Conjurer (level 3)
  419: made her first wish - "+3 blessed greased silver dragon scale mail", got "a greased silver dragon scale mail"
 1223: entered the Gnomish Mines
 2650: was bestowed with Magicbane by Anhur
 2723: attained the rank of Thaumaturge (level 6)
 3201: chose an elven dagger to be named "Sting"
 8061: killed by a blue jelly

Spells:
 Name                 Level Category     Fail Retention
 force bolt             1   attack         0%   56%-60%
 stone to flesh         3   healing       81%   51%-75%
 detect unseen          3   divination    81%   51%-75%
 drain life             2   attack         0%   61%-65%
 cure sickness          3   healing       81%   51%-75%
 detect monsters        1   divination     0%  76%-100%
 wizard lock            2   matter        54%  76%-100%

Skills:
 Fighting Skills
   bare handed combat [Unskilled]
   riding             [Unskilled]
 Weapon Skills
   dagger             [Unskilled]
   knife              [Unskilled]
   axe                [Unskilled]
   short sword        [Unskilled]
   club               [Unskilled]
   mace               [Unskilled]
   quarterstaff       [Basic]
   polearms           [Unskilled]
   spear              [Unskilled]
   trident            [Unskilled]
   sling              [Unskilled]
   dart               [Unskilled]
   shuriken           [Unskilled]
 Spellcasting Skills
   attack spells      [Skilled]
   healing spells     [Unskilled]
   divination spells  [Unskilled]
   enchantment spells [Basic]
   clerical spells    [Unskilled]
   escape spells      [Unskilled]
   matter spells      [Unskilled]

Voluntary challenges:
 Character rerolling was not enabled.
 You never genocided any monsters.
 You never polymorphed an object.
 You never changed form.
 You used 1 wish.
 You did not wish for any artifacts.
Achievements:
 You attained the rank of Conjurer.
 You entered a shop.
 You entered the Gnomish Mines.
 You attained the rank of Thaumaturge.

 The Dungeons of Doom: levels 1 to 7
    Level 1:
       A sink.
    Level 2:
       A general store, an altar to Anhur.
       Stairs down to The Gnomish Mines.
    Level 3:
    Level 4:
       A general store.
    Level 5:
    Level 6:
       An armor shop, an altar to Anhur, a sink.
    Level 7: <- You were here.
       Final resting place for
          you, killed by a blue jelly.
 The Gnomish Mines: levels 3 to 5
    Level 3:
    Level 4:
       Final resting place for
          Meldanya-Pri-Elf-Fem-Cha, killed by a boulder,
          pavelek-Wiz-Elf-Mal-Cha, killed by a dwarf.
    Level 5:


Vanquished creatures:
  4 black puddings
  a ghost
  a small mimic
 an amorous demon
  2 giant beetles
  a leprechaun
 an iron piercer
  4 brown puddings
  a Green-elf
  a dingo
  a dog
  2 housecats
  a blue jelly
  a plains centaur
  a soldier ant
  a wood nymph
  a water nymph
  2 rock piercers
  a pony
  a fog cloud
  a yellow light
  a violet fungus
  3 gnome leaders
  a kobold mummy
  2 gray oozes
  a paper golem
  4 giant ants
  2 little dogs
  8 floating eyes
  3 kittens
  4 dwarves
  2 homunculi
  a kobold shaman
  2 rothes
  a rabid rat
  4 giant bats
  a monkey
 an orc zombie
  a wererat
  7 iguanas
  3 acid blobs
  4 coyotes
  a gas spore
  3 hobbits
 10 manes
  2 large kobolds
  5 hobgoblins
  2 giant rats
  3 cave spiders
 20 gnomes
  4 garter snakes
  a gnome zombie
  4 geckos
  7 jackals
  a fox
  2 kobolds
  3 goblins
 12 grid bugs
  2 bats
  2 lichens
  a kobold zombie
  6 newts
177 creatures vanquished.

No species were genocided or became extinct.

Game over:
                       ----------
                      /          \
                     /    REST    \
                    /      IN      \
                   /     PEACE      \
                  /                  \
                  |     A4Paper      |
                  |     3354 Au      |
                  | killed by a blue |
                  |      jelly       |
                  |                  |
                  |                  |
                  |       2026       |
                 *|     *  *  *      | *
        _________)/\\_//(\/(/\)/\//\/|_)_______

Goodbye A4Paper the Wizard...

You died in The Dungeons of Doom on dungeon level 7 with 11685 points,
and 3354 pieces of gold, after 8061 moves.
You were level 8 with a maximum of 54 hit points when you died.

